 Dungeon Crawl Stone Soup version 0.29.1-13-g9f3cf754e1 (webtiles) character file.

Game seed: 1737188049782839954

8315 ChrisAssaf the Twirler (level 11, -7/76 HPs)
             Began as a Djinni Brigand on Jan 25, 2023.
             Was a High Priest of Zin.
             Mangled by a six-headed hydra (13 damage)
             ... on level 1 of the Lair of Beasts.
             The game lasted 00:47:16 (10488 turns).

ChrisAssaf the Twirler (Djinni Brigand)            Turns: 10488, Time: 00:47:17

Health: -7/76      AC:  5    Str: 14    XL:     11   Next: 53%
Gold:   537        EV: 13    Int: 14    God:    Zin [*****.] SH:  5 Dex: 14

rFire   + + +      SeeInvis .   u - +3 quarterstaff (spect)
rCold   x . .      Faith    .   (shield currently unavailable)
rNeg    . . .      Spirit   .   n - +1 leather armour {rF+}
rPois   ∞          Reflect  +   (no helmet)
rElec   .          Harm     .   c - +0 cloak
rCorr   .          Rampage  .   (no gloves)
Will    +....                   (boots unavailable)
Stlth   +++.......              s - amulet of reflection
HPRegen 0.22/turn               g - +4 ring of slaying
MPRegen 0.00/turn               (no ring)

@: flying
A: sickness immunity, fire resistance 2, cold vulnerability 1, float, innate
caster, HP casting, extra vitality 1
a: Renounce Religion, Recite, Vitalisation, Imprison, Sanctuary, Donate Gold


You were on level 1 of the Lair of Beasts.
You worshipped Zin.
Zin was extremely pleased with you.
You visited 2 branches of the dungeon, and saw 9 of its levels.
You also visited: Ossuary.

You collected 596 gold pieces.
You donated 59 gold pieces to Zin.

Inventory:

Hand Weapons
 a - a +2 dagger of freezing
 f - a +1 dagger of venom
 u - a +3 spectral quarterstaff (weapon)
Missiles
 d - 27 poisoned darts
 e - 2 curare-tipped darts (quivered)
 q - 2 throwing nets
 I - 2 javelins
Armour
 b - a +0 robe
 c - a +0 cloak (worn)
 n - a +1 leather armour of fire resistance (worn)
 G - an orb of mayhem
Jewellery
 g - a +4 ring of slaying (left hand)
 s - an amulet of reflection (around neck)
 y - a ring of protection from cold
 J - a ring of resist corrosion
Wands
 E - a wand of digging (5)
 H - a wand of charming (4)
Scrolls
 h - 8 scrolls of teleportation
 r - 3 scrolls of poison
 t - 3 scrolls of noise
 v - a scroll of magic mapping
 B - 2 scrolls of torment
 C - 2 scrolls of immolation
 K - a scroll of butterflies {unknown}
 M - a scroll of vulnerability {unknown}
Potions
 i - 3 potions of cancellation {unknown}
 j - 3 potions of curing
 k - 6 potions of lignification {unknown}
 l - 3 potions of flight {unknown}
 m - a potion of brilliance {unknown}
 o - a potion of mutation {unknown}
 p - 4 potions of heal wounds {unknown}
 w - a potion of ambrosia {unknown}
 z - 2 potions of might {unknown}
 A - 2 potions of resistance {unknown}
 D - a potion of haste {unknown}
 L - a potion of degeneration {unknown}


   Skills:
 * Level 5.8 Fighting
 * Level 4.9 Short Blades
 * Level 7.5 Staves
 * Level 4.4 Throwing
 * Level 4.7 Armour
 * Level 4.8 Dodging
 * Level 5.7 Stealth
 + Level 1.5 Shields
 * Level 3.5 Spellcasting
 * Level 4.3 Invocations
 * Level 4.9 Evocations


You had 3 spell levels left.
You knew the following spells:

 Your Spells              Type           Power      Damage    Failure   Level
a - Freeze                Ice            48%        1d7       6%          1
b - Wereblood             Tmut           12%        N/A       9%          2
c - Gell's Gravitas       Tloc           12%        N/A       17%         3
d - Leda's Liquefaction   Hex/Erth       6%         N/A       50%         4
e - Cause Fear            Hex            6%         N/A       50%         4
Your spell library was empty.

Dungeon Overview and Level Annotations

Branches:
Dungeon (8/15)             Temple (0/1) D:6            Lair (1/5) D:8
Ossuary (visited)

Altars:
Ashenzari
Dithmenos
Trog
Xom
Yredelemnul
Zin

Shops:
D:1 [[   D:4 (


Innate Abilities, Weirdness & Mutations

You are immune to sickness and miasma.
You are immune to poison.
Your flesh is very heat resistant. (rF++)
You are vulnerable to cold. (rC-)
You float through the air rather than walking.
You learn spells naturally, not from books.
Your magical power is your life essence.
You have superior vitality. (+4 MHP)


Message History

The six-headed hydra's minds are blasted!!
The now-empty wand crumbles to dust.
The six-headed hydra bites you. x2
The six-headed hydra bites you!
The six-headed hydra closely misses you.
The six-headed hydra barely misses you. The six-headed hydra bites you.
You feel better. The six-headed hydra bites you.
You block the six-headed hydra's attack.
The six-headed hydra closely misses you.
The six-headed hydra misses you. The six-headed hydra bites you!
You block the six-headed hydra's attack.
You sock the six-headed hydra!
The six-headed hydra is moderately wounded.
Your +3 spectral quarterstaff hits the six-headed hydra!
The six-headed hydra completely misses you.
The six-headed hydra bites you.
You block the six-headed hydra's attack.
The six-headed hydra misses you.
You block the six-headed hydra's attack.
The six-headed hydra bites you!
You barely miss the six-headed hydra.
The six-headed hydra is heavily wounded.
Your +3 spectral quarterstaff hits the six-headed hydra.
The six-headed hydra misses you. The six-headed hydra bites you!
The six-headed hydra bites you but does no damage.
The six-headed hydra bites you.
* * * LOW HITPOINT WARNING * * *
The six-headed hydra bites you!
* * * LOW HITPOINT WARNING * * *
You block the six-headed hydra's attack.
The six-headed hydra misses you.
The six-headed hydra bites you but does no damage.
The six-headed hydra closely misses you.
The six-headed hydra barely misses you. x2
The six-headed hydra closely misses you.
The six-headed hydra attacks as you move away!
The six-headed hydra closely misses you.
The six-headed hydra bites you.
* * * LOW HITPOINT WARNING * * *
The six-headed hydra barely misses you. The six-headed hydra bites you!
You die...

......#.>...###...#..##........#.
......#...#...###.....##.#.....#.
#.....#.......####...#####...###.
...#..#..##....##.....## ##.## .
...##....##....#.......# ### .
...####........#.......## .
##.####...#.............#
####.....#.......#...###
#.######.#..@D....#
##.[......#....##.....^...
#..P#....##..####...###P##
#...##.^..#.### #...#
#.....#...### ##### ##....##.##
##...#### #...# #####


You could see a six-headed hydra.

Vanquished Creatures
  Maggie (D:7)
  2 komodo dragons (Lair:1)
  A rime drake (Lair:1)
  Grinder (D:4)
  Sigmund (D:7)
  14 yaks
  A wyvern (D:7)
  A steam dragon (D:8)
  Menkaure (D:5)
  5 water moccasins
  Edmund (D:7)
  2 black bears
  2 orc warriors (D:8)
  An ice beast (D:8)
  2 sky beasts
  3 kobold brigands
  11 bullfrogs
  A gnoll sergeant (D:7)
  A necrophage (D:6)
  A wyvern zombie (Ossuary)
  2 scorpions (D:8)
  2 water moccasin zombies (Ossuary)
  3 wights (D:7)
  6 killer bees (D:6)
  A howler monkey (D:6)
  3 centaur zombies (Ossuary)
  11 bullfrog zombies (Ossuary)
  9 hounds
  2 orc priests (D:8)
  A gnoll bouda (D:3)
  Terence (D:2)
  2 iguanas
  2 orc wizards
  A killer bee zombie (Ossuary)
  The ghost of Smersh616 the Sneak, a weakling DrDe (D:3)
  14 mummies
  4 howler monkey zombies (Ossuary)
  6 gnolls
  5 adders
  2 white imps (D:7)
  An ufetubus (D:6)
  A worm (D:2)
  The ghost of Smersh616 the Sneak, a weakling NaDe (D:6)
  A dart slug (D:2)
  8 orcs
  3 ball pythons
  6 endoplasms
  A giant cockroach (D:1)
  3 goblins
  5 hobgoblins
  7 jackals
  16 kobolds
  4 quokkas
  6 bats
  4 frilled lizards
  A hobgoblin zombie (D:5)
  A kobold zombie (D:5)
  8 rats
208 creatures vanquished.

Vanquished Creatures (collateral kills)
  A black bear (D:8)
  3 kobolds (D:8)
4 creatures vanquished.

Vanquished Creatures (others)
  A yak (D:8)
  42 fungi
  51 plants
  5 withered plants (Ossuary)
99 creatures vanquished.

Grand Total: 311 creatures vanquished

Notes
Turn   | Place    | Note
-------+----------+-------------------------------------------
     0 | D:1      | ChrisAssaf the Djinni Brigand began the quest for the Orb.
     0 | D:1      | Reached XP level 1. HP: 18/18 MP: 0/0
    35 | D:1      | Found Jirionob's Armour Shop.
   364 | D:1      | Found a faded altar of an unknown god.
   403 | D:1      | Prayed at the altar of an unknown god.
   403 | D:1      | Became a worshipper of Zin the Law-Giver
   403 | D:1      | Reached * piety under Zin
   421 | D:1      | Reached XP level 2. HP: 23/23 MP: 0/0
   524 | D:1      | Reached XP level 3. HP: 8/28 MP: 0/0
   524 | D:1      | Learned a level 1 spell: Freeze
   904 | D:1      | Found Mownaero's Antique Armour Shop.
   930 | D:1      | Reached ** piety under Zin
  1326 | D:2      | Noticed Terence
  1336 | D:2      | Killed Terence
  1347 | D:2      | Reached XP level 4. HP: 25/33 MP: 0/0
  2161 | D:3      | Reached XP level 5. HP: 39/39 MP: 0/0
  2161 | D:3      | Learned a level 2 spell: Wereblood
  2211 | D:3      | Reached skill level 1 in Armour
  2375 | D:3      | Found a runed translucent gate.
  2376 | D:3      | Found a runed translucent gate.
  2377 | D:3      | Found a runed translucent gate.
  2377 | D:3      | Noticed Smersh616's ghost (weakling DrDe)
  2378 | D:3      | Noticed a kobold brigand
  2697 | D:3      | Killed Smersh616's ghost
  2706 | D:3      | Killed a kobold brigand
  2707 | D:3      | Reached skill level 1 in Spellcasting
  2707 | D:3      | Reached skill level 1 in Invocations
  2707 | D:3      | Reached XP level 6. HP: 16/45 MP: 0/0
  3244 | D:4      | Noticed Grinder
  3254 | D:4      | Killed Grinder
  3255 | D:4      | Reached skill level 1 in Staves
  3255 | D:4      | Reached XP level 7. HP: 39/49 MP: 0/0
  3255 | D:4      | Learned a level 3 spell: Gell's Gravitas
  3267 | D:4      | Found a shadowy altar of Dithmenos.
  3278 | D:4      | Reached *** piety under Zin
  3745 | D:4      | Found Muoxu's Weapon Shoppe.
  3915 | D:5      | Entered Level 5 of the Dungeon
  3995 | D:5      | Noticed Menkaure
  4006 | D:5      | Killed Menkaure
  4007 | D:5      | Reached skill level 1 in Evocations
  4116 | D:5      | Found a sand-covered staircase.
  4127 | Ossuary  | Entered an ossuary
  4140 | Ossuary  | Reached XP level 8. HP: 56/56 MP: 0/0
  4173 | Ossuary  | Reached skill level 2 in Staves
  4204 | Ossuary  | Reached **** piety under Zin
  4365 | Ossuary  | Reached skill level 3 in Staves
  4623 | Ossuary  | Reached XP level 9. HP: 47/61 MP: 0/0
  4623 | Ossuary  | Learned a level 4 spell: Leda's Liquefaction
  5303 | D:5      | Reached skill level 4 in Staves
  5355 | D:5      | Reached ***** piety under Zin
  5601 | D:5      | Reached skill level 5 in Stealth
  6070 | D:6      | Found a transporter.
  6070 | D:6      | Noticed Smersh616's ghost (weakling NaDe)
  6073 | D:6      | Found a transporter.
  6113 | D:6      | Killed Smersh616's ghost
  6434 | D:6      | Found a staircase to the Ecumenical Temple.
  6557 | D:6      | Found a broken altar of Ashenzari.
  6955 | D:7      | Noticed Edmund
  6958 | D:7      | Identified the +7 flail of Fedhas's Hope {flame, rCorr
                  | Int+2}
  6965 | D:7      | Killed Edmund
  7061 | D:7      | Noticed Sigmund
  7076 | D:7      | Killed Sigmund
  7077 | D:7      | Reached skill level 5 in Staves
  7077 | D:7      | Reached XP level 10. HP: 60/69 MP: 0/0
  7351 | D:7      | Identified the +6 sling "Death Rattle" {flame, *Corrode
                  | Will+ Int+3 Stlth+}
  7423 | D:7      | Noticed Maggie
  7452 | D:7      | Killed Maggie
  8064 | D:8      | Reached skill level 6 in Staves
  8200 | D:8      | Reached skill level 5 in Fighting
  8551 | D:8      | Found a staircase to the Lair.
  8687 | D:8      | Found a basalt altar of Yredelemnul.
  8688 | D:8      | Found a glowing silver altar of Zin.
  8690 | D:8      | Found a bloodstained altar of Trog.
  8691 | D:8      | Found a shimmering altar of Xom.
  9163 | Lair:1   | Entered Level 1 of the Lair of Beasts
  9169 | D:8      | Reached skill level 1 in Shields
  9173 | D:8      | Reached XP level 11. HP: 62/76 MP: 0/0
  9173 | D:8      | Learned a level 4 spell: Cause Fear
  9681 | Lair:1   | Reached skill level 7 in Staves
 10175 | Lair:1   | Noticed a six-headed hydra
 10488 | Lair:1   | Mangled by a six-headed hydra

Illustrated notes

Levels and vault maps discovered:
D:1:      dpeg_arrival_yet_another_circle, layout_loops_ring, serial_shops,
          nicolae_diamond_shop, shop, shapermc_ecumenical_altar_acropolis,
          minmay_vboxes
D:2:      layout_rooms, uniq_terence
D:3:      layout_loops_ring, gammafunk_ghost_nasty_kobolds, st_stairs_5
D:4:      minmay_chambers_of_threes, layout_loops_corners,
          lemuel_coloured_pillars_altar, nicolae_overflow_crystal_walls,
          serial_shops, nicolae_diamond_shop, uniq_grinder
D:5:      layout_basic, nicolae_ossuary_entry_giza, uniq_menkaure
D:6:      layout_rooms, mainiacjoe_overflow_cross_hatched,
          minmay_temple_entry_nine_rooms, gammafunk_ghost_arena,
          nicolae_benzene_ring, kennysheep_generic_room_14
D:7:      layout_rooms, hangedman_decor_clover_reticule,
          sigmund_edmund_badplayer, uniq_maggie
D:8:      layout_basic, minitemple, due_lair_maze_entry_diamond
Lair:1:   layout_misc_corridors, small_statue_intersection

Skill      XL: |  1  2  3  4  5  6  7  8  9 10 11 |
---------------+----------------------------------+-----
Short Blades   | 2 3 4 |  4.9
Stealth        | 4 5 |  5.7
Armour         | 1 2 3 4 |  4.7
Throwing       | 2 3 4 |  4.4
Spellcasting   | 1 2 3 |  3.5
Invocations    | 1 2 3 4 |  4.3
Staves         | 1 3 5 6 7 |  7.5
Dodging        | 2 3 4 |  4.8
Fighting       | 3 4 5 |  5.8
Evocations     | 1 2 3 4 |  4.9
Shields        | 1 |  1.5

Action                   |  1- 3 |  4- 6 |  7- 9 | 10-12 || total
-------------------------+-------+-------+-------+-------++-------
Melee: Dagger            |    44 |    61 |     6 |     1 ||   112
       Punch             |       |     1 |       |       ||     1
       Quarterstaff      |       |    20 |   144 |   126 ||   290
Throw: Dart              |     6 |    32 |    12 |     4 ||    54
 Cast: Freeze            |       |     3 |     8 |     8 ||    19
       Leda's Liquefacti |       |       |       |     1 ||     1
Invok: Recite            |       |     6 |     8 |     3 ||    17
       Imprison          |       |       |       |     1 ||     1
Evoke: Wand              |       |       |     6 |    12 ||    18
  Use: Scroll            |     1 |     2 |    14 |     6 ||    23
       Potion            |       |     1 |     2 |     3 ||     6
 Stab: Sleeping          |     3 |     5 |     4 |     1 ||    13
       Distracted        |       |       |     3 |     3 ||     6
       Confused          |       |       |       |     2 ||     2
       Invisible         |       |       |       |     1 ||     1
Armor: Robe              |     1 |       |       |       ||     1
       Leather armour    |     2 |    24 |    33 |    30 ||    89
Dodge: Dodged            |    22 |    40 |    94 |    71 ||   227
Block: Other             |       |       |    11 |    37 ||    48
       Reflection        |       |       |       |     3 ||     3
